 Dungeon Crawl Stone Soup version 0.30-a0-134-gb40fab5c76 (webtiles) character file.

Game seed: 9959673164643219825

131563 nono the Warrior (level 17, 0/113 HPs)
             Began as a Kobold Fighter on Sept 16, 2022.
             Was a High Priest of Okawaru.
             Killed from afar by a fenstrider witch (8 damage)
             ... with a toxic sludge
             ... on level 2 of the Swamp on Sept 19, 2022.
             The game lasted 01:37:59 (28748 turns).

nono the Warrior (Kobold Fighter)                  Turns: 28748, Time: 01:38:01

Health: 0/113      AC: 39    Str: 18    XL:     17   Next: 67%
Magic:  19/25      EV: 17    Int: 19    God:    Okawaru [*****.]
Gold:   772        SH: 20    Dex: 20    Spells: 16/16 levels left

rFire   + + .      SeeInvis .    a - +4 morningstar (protect)
rCold   + + .      Faith    .    c - +0 kite shield
rNeg    + . .      Spirit   .    v - +7 plate armour "Nauphoor" {rElec rC+}
rPois   +          Reflect  +    F - +0 helmet
rElec   +          Harm     .    N - +0 cloak
rCorr   +          Rampage  .    X - +1 pair of gloves "Mulelop" {rN+ rCorr Dex+4}
Will    +....                    V - +2 pair of boots {Stlth+}
Stlth   +++++.....               o - amulet of reflection
HPRegen 1.08/turn                R - ring "Qan Qoiz" {Drain rElec rPois rF+ Int+3}
MPRegen 0.19/turn                D - ring of Divine Compulsion {rF+ rC+ Dex+3}

@: lethally poisoned (0 -> -3), heroic, finesse-ful, under a protective aura
A: small, no large weapons, nightstalker 3, clever 1, regeneration 1
a: Renounce Religion, Heroism, Finesse, Duel


You were on level 2 of the Swamp.
You worshipped Okawaru.
Okawaru was extremely pleased with you.
You visited 6 branches of the dungeon, and saw 26 of its levels.
You visited 1 bazaar.
You also visited: Ice Cave.

You collected 2900 gold pieces.
You spent 2128 gold pieces at shops.

Inventory:

Hand Weapons
 a - a +4 morningstar of protection (weapon)
 b - a +1 dagger of venom
 I - a +2 flail of holy wrath
Missiles
 s - 2 throwing nets (quivered)
Armour
 c - a +0 kite shield (worn)
 v - the +7 plate armour "Nauphoor" (worn) {rElec rC+}
   (Okawaru gifted it to you on level 12 of the Dungeon)

   rC:        It protects you from cold.
   rElec:     It insulates you from electricity.
 A - the +4 ring mail of Untruth {rN+ rCorr Int-3}
   (You found it on level 5 of the Dungeon)

   Int:       It affects your intelligence (-3).
   rN:        It protects you from negative energy.
   rCorr:     It protects you from acid and corrosion.
 F - a +0 helmet (worn)
 N - a +0 cloak (worn)
 V - a +2 pair of boots of stealth (worn)
 X - the +1 pair of gloves "Mulelop" (worn) {rN+ rCorr Dex+4}
   (Okawaru gifted it to you on level 4 of the Lair of Beasts)

   Dex:       It affects your dexterity (+4).
   rN:        It protects you from negative energy.
   rCorr:     It protects you from acid and corrosion.
Jewellery
 f - a ring of willpower
 i - a ring of poison resistance
 k - a ring of see invisible
 o - an amulet of reflection (around neck)
 q - a +4 ring of protection
 z - an amulet of the acrobat
 D - the ring of Divine Compulsion (right hand) {rF+ rC+ Dex+3}
   (You bought it in a shop on level 2 of the Orcish Mines)

   [ring of protection from cold]

   Dex:       It affects your dexterity (+3).
   rF:        It protects you from fire.
   rC:        It protects you from cold.
 K - a ring of protection from cold
 M - a +4 ring of evasion
 P - an amulet of regeneration
 R - the ring "Qan Qoiz" (left hand) {Drain rElec rPois rF+ Int+3}
   (You found it on level 8 of the Dungeon)

   [ring of poison resistance]

   Int:       It affects your intelligence (+3).
   rF:        It protects you from fire.
   rElec:     It insulates you from electricity.
   rPois:     It protects you from poison.
   Drain:     It drains your maximum health when unequipped.
 Z - the ring "Ruxoz" {rElec rN+ Dex+4 Stlth+}
   (You found it on level 5 of the Lair of Beasts)

   [ring of positive energy]

   Dex:       It affects your dexterity (+4).
   rElec:     It insulates you from electricity.
   rN:        It protects you from negative energy.
   Stlth:     It makes you more stealthy.
Wands
 w - a wand of light (13)
 C - a wand of mindburst (14)
 U - a wand of digging (3)
 Y - a wand of polymorph (7)
Scrolls
 d - 4 scrolls of fear
 g - 3 scrolls of fog
 h - 9 scrolls of teleportation
 m - 3 scrolls of blinking
 t - 6 scrolls of immolation
 u - a scroll of silence
 x - 2 scrolls of poison
 y - 2 scrolls of enchant weapon
 E - 3 scrolls of magic mapping
 H - 2 scrolls of identify
 J - 2 scrolls of brand weapon
 Q - 4 scrolls of enchant armour
 T - 3 scrolls of torment
Potions
 e - 2 potions of ambrosia {unknown}
 j - 5 potions of berserk rage
 l - 3 potions of mutation
 n - 2 potions of haste
 r - 2 potions of brilliance
 B - 8 potions of curing
 G - 3 potions of attraction {unknown}
 L - a potion of cancellation
 O - 4 potions of might
 S - 3 potions of magic {unknown}
 W - 2 potions of heal wounds
Miscellaneous
 p - a condenser vane


   Skills:
 * Level 15.4(20.4) Fighting
 - Level 5.0(10.0) Short Blades
 * Level 11.8(16.8) Maces & Flails
 * Level 9.1(14.1) Armour
 * Level 14.0(19.0) Dodging
 + Level 13.3(18.3) Stealth
 * Level 9.0(14.0) Shields
 - Level 11.0 Invocations


You had 16 spell levels left.
You didn't know any spells.
Your spell library contained the following spells:

 Spells                   Type           Power      Damage    Failure   Level
 Apportation              Tloc           0%         N/A       100%        1
 Necrotise                Necr           0%         1d4       100%        1
 Kindle Blastsparks       Fire/Tloc/Air  0%         2d10      100%        3
 Cause Fear               Hex            0%         N/A       100%        4
 Fulminant Prism          Conj/Hex       0%         3d6       100%        4
 Iskenderun's Mystic Bla  Conj/Tloc      0%         2d3       100%        4
 Passage of Golubria      Tloc           0%         N/A       100%        4
 Lee's Rapid Deconstruct  Erth           0%         3d5*      100%        5
 Yara's Violent Unravell  Hex/Tmut       0%         3d3       100%        5
 Enfeeble                 Hex            0%         N/A       100%        7
 Discord                  Hex            0%         N/A       100%        8
 Summon Small Mammal      Summ           Unusable   N/A       N/A         1
 Tukima's Dance           Hex            Unusable   N/A       N/A         3

Dungeon Overview and Level Annotations

Branches:
Dungeon (15/15)            Temple (1/1) D:7            Lair (5/5) D:11
  Swamp (2/4) Lair:2        Snake (0/4) Lair:2        Slime (0/5) Lair:4
    Orc (2/2) D:10            Elf (1/3) Orc:2        Vaults (0/5) D:13
  IceCv (visited)
 Depths: D:15

Altars:
Ashenzari
Cheibriados
Dithmenos
Elyvilon
Fedhas
Gozag
Hepliaklqana
Kikubaaqudgha
Makhleb
Nemelex Xobeh
Okawaru
Qazlal
Ru
Sif Muna
Trog
Uskayaw
Wu Jian
Xom
Yredelemnul
Zin
The Shining One

Shops:
D:8 !   Orc:1 **:   Orc:2 =[=(*


Innate Abilities, Weirdness & Mutations

You are small and have problems with some larger weapons.
You are completely attuned to the shadows.
Your mind is acute. (Int +4, Str/Dex -1)
Your natural rate of healing is unusually fast.


Message History

You closely miss the fenstrider witch.
The fenstrider witch is moderately wounded.
The fenstrider witch points at you and mumbles some strange words.
The toxic sludge hits you.
You are poisoned.
You partially resist.
* * * LOW HITPOINT WARNING * * *
Splash!
You fall into the toxic bog.
Moving in this stuff is going to be slow.
You hit the fenstrider witch but do no damage.
The fenstrider witch is moderately wounded.
You fester in the toxic bog.
You partially resist.
You are more poisoned.
You feel sick.
You completely miss the fenstrider witch.
The fenstrider witch is moderately wounded.
You fester in the toxic bog.
You partially resist.
You are more poisoned.
You feel sick.
The fenstrider witch hits you but does no damage.
The fenstrider witch barely misses you.
You hit the fenstrider witch but do no damage.
The fenstrider witch is moderately wounded.
You fester in the toxic bog.
You partially resist.
You are more poisoned.
You feel sick.
You feel better.
You fester in the toxic bog.
You partially resist.
You are poisoned.
You feel sick. The fenstrider witch hits you!
* * * LOW HITPOINT WARNING * * *
The fenstrider witch kicks you but does no damage.
You feel sick.
The fenstrider witch casts a spell at you.
You resist with significant effort.
The fenstrider witch points at you and mumbles some strange words.
The toxic sludge hits you!
You are more poisoned.
You partially resist.
You die...

~~.~~~~.♣.~~~~~.♣
~~~~~~..♣[..♣.~.♣
..~~.~~>~.♣..♣♣.~.♣
~..~.~†.~♣♣.~~♣~~~♣
♣~~~~§~.♣♣.~♣♣.~~♣♣
~ ♣.~~~..♣♣..♣♣..~~♣
~~♣.~.♣.~~♣..♣♣♣))♣♣
§.~..♣♣♣.♣♣~♣♣ ♣.♣♣
~~~♣@♣ ♣.♣♣.♣ ♣.♣
~§~~H♣ ♣.♣♣.♣ ♣.♣
.♣~.♣♣ ♣♣♣♣.♣♣♣♣.♣♣
.... ♣...♣♣...♣ ♣.~♣
♣♣.♣♣♣♣.♣♣ ♣.~ ♣.♣
♣.♣ ♣.♣ ♣.♣ ♣♣♣ ♣.♣
♣.♣


You could see a fenstrider witch.

Vanquished Creatures
  Rupert (D:14)
  An orc warlord (Orc:1)
  An eleionoma (Swamp:1)
  A bunyip (Swamp:1)
  2 dire elephants (Lair:5)
  Josephine (Orc:1)
  2 vault guards (D:13)
  9 hydras
  4 centaur warriors
  An alligator (Swamp:1)
  3 two-headed ogres
  2 boulder beetles
  A death knight (D:11)
  2 tengu warriors (D:14)
  3 orc high priests
  6 death yaks
  Urug (Lair:5)
  Nergalle (Orc:1)
  A spectral dire elephant (Lair:5)
  3 goliath frogs (Swamp:1)
  A spectral anaconda (Lair:5)
  5 spriggan druids (Swamp:1)
  2 obsidian statues
  2 bog bodies (Swamp:1)
  5 orc knights
  A phantasmal warrior (D:14)
  A glowing orange brain (D:14)
  4 swamp dragons (Swamp:1)
  2 wizards (D:13)
  2 deep elf pyromancers
  7 necromancers
  2 orc sorcerers
  A wolf spider (Lair:4)
  5 ugly things
  A manticore (D:12)
  7 cyclopes
  9 elephants
  5 black mambas
  An ice statue (Lair:5)
  Maurice (D:8)
  5 torpor snails
  2 gargoyles (D:12)
  9 cane toads
  An efreet (D:15)
  3 demonic crawlers
  2 rime drakes
  An unseen horror (D:11)
  8 komodo dragons
  3 ice devils
  2 freezing wraiths (D:14)
  A tengu conjurer (D:13)
  2 polar bears
  5 trolls
  5 hornets
  3 tyrant leeches
  5 dream sheep (Lair:4)
  31 blink frogs
  A spectral elephant (Lair:5)
  14 slime creatures
  A shadow (D:10)
  34 yaks
  7 wraiths
  7 spriggans
  18 humans (D:13)
  4 wyverns
  2 death yak simulacra (Lair:5)
  10 vampire mosquitoes
  5 basilisks
  7 wargs
  12 swamp worms
  4 acid dragons
  15 water moccasins
  2 swamp drakes (Swamp:1)
  A floating eye (D:14)
  8 ice beasts
  25 orc warriors
  A black bear (D:7)
  A sky beast (D:7)
  2 great orb of eyes simulacra (IceCv)
  2 elephant zombies (Lair:5)
  15 wolves
  9 ogres
  A boggart (D:15)
  10 centaurs
  2 elephant skeletons (Lair:5)
  4 kobold brigands
  A phantom (D:5)
  3 slime creature simulacra (IceCv)
  A necrophage (D:5)
  11 bullfrogs
  3 small abominations (D:14)
  2 glowing shapeshifter simulacra (IceCv)
  4 scorpions
  A cane toad simulacrum (Lair:5)
  14 wights
  2 elephant simulacra (Lair:5)
  12 killer bees
  6 howler monkeys
  3 jellies
  3 hounds
  18 orc priests
  A gnoll bouda (D:6)
  5 iguanas
  23 orc wizards
  A shapeshifter simulacrum (IceCv)
  6 gnolls
  7 adders
  A shadow imp (D:7)
  A white imp (D:6)
  2 dart slugs
  60 orcs
  3 ball pythons
  8 endoplasms
  A giant cockroach (D:1)
  6 goblins
  6 hobgoblins
  26 kobolds
  A quokka (D:1)
  7 bats
  6 frilled lizards (D:1)
  4 rats
681 creatures vanquished.

Vanquished Creatures (others)
  An orc sorcerer (Orc:2)
  An orc warrior (Orc:2)
  A boggart (D:15)
  An orc wizard (Orc:1)
  4 orcs (Orc:1)
  47 fungi
  43 plants
  5 toadstools (D:8)
  36 withered plants (Lair:5)
139 creatures vanquished.

Grand Total: 820 creatures vanquished

Notes
Turn   | Place    | Note
-------+----------+-------------------------------------------
     0 | D:1      | nono the Kobold Fighter began the quest for the Orb.
     0 | D:1      | Reached XP level 1. HP: 14/14 MP: 1/1
    75 | D:1      | Reached XP level 2. HP: 16/19 MP: 2/2
   148 | D:1      | Reached skill level 1 in Dodging
   627 | D:1      | Reached XP level 3. HP: 15/24 MP: 3/3
   856 | D:1      | Reached skill level 1 in Stealth
  1564 | D:2      | Found a faded altar of an unknown god.
  1999 | D:2      | Reached skill level 4 in Fighting
  1999 | D:2      | Reached XP level 4. HP: 17/29 MP: 4/4
  3802 | D:4      | Reached XP level 5. HP: 33/33 MP: 5/5
  4455 | D:4      | Reached XP level 6. HP: 39/39 MP: 6/6
  4740 | D:5      | Entered Level 5 of the Dungeon
  4774 | D:5      | Reached skill level 1 in Short Blades
  4982 | D:5      | Identified the +4 ring mail of Untruth {rN+ rCorr Int-3}
  5257 | D:5      | Noticed an ogre
  5271 | D:5      | Killed an ogre
  5278 | D:5      | Reached skill level 5 in Fighting
  5278 | D:5      | Reached XP level 7. HP: 29/44 MP: 7/7
  5518 | D:5      | Noticed a water moccasin
  5529 | D:5      | Gained mutation: Your natural rate of healing is unusually
                  | fast. [potion of mutation]
  5529 | D:5      | Gained mutation: Your mind is acute. (Int +4, Str/Dex -1)
                  | [potion of mutation]
  5539 | D:5      | Killed a water moccasin
  5660 | D:5      | Reached skill level 5 in Dodging
  5660 | D:5      | Reached XP level 8. HP: 50/51 MP: 8/8
  6121 | D:6      | Reached skill level 6 in Fighting
  6169 | D:6      | Noticed a troll
  6188 | D:6      | Killed a troll
  6392 | D:6      | Reached skill level 5 in Maces & Flails
  6518 | D:6      | Reached skill level 5 in Stealth
  6553 | D:6      | Reached XP level 9. HP: 56/56 MP: 9/9
  6744 | D:6      | Reached skill level 7 in Fighting
  7497 | D:7      | Identified the +1 leather armour of Gestures {Slay+2 SInv}
  7719 | D:7      | Reached skill level 5 in Short Blades
  7774 | D:7      | Found a stormy altar of Qazlal.
  7854 | D:7      | Found a staircase to the Ecumenical Temple.
  7860 | Temple   | Entered the Ecumenical Temple
  7958 | Temple   | Became a worshipper of Warmaster Okawaru
  8397 | D:8      | Noticed Maurice
  8414 | D:8      | Killed Maurice
  8415 | D:8      | Reached skill level 8 in Fighting
  8560 | D:8      | Reached XP level 10. HP: 64/64 MP: 10/10
  8629 | D:8      | HP: 3/64 [killer bee (7)]
  8704 | D:8      | Found Dockaz's Distillery.
  8708 | D:8      | Bought 2 potions of curing for 90 gold pieces
  8708 | D:8      | Bought a potion of curing for 45 gold pieces
  8708 | D:8      | Bought 2 potions of curing for 90 gold pieces
  8708 | D:8      | Bought a potion of curing for 45 gold pieces
  8708 | D:8      | Bought a potion of might for 60 gold pieces
  8951 | D:8      | Reached * piety under Okawaru
  8993 | D:8      | Identified the ring "Qan Qoiz" {Drain rElec rPois rF+
                  | Int+3}
  9583 | D:9      | Noticed a two-headed ogre
  9602 | D:9      | Killed a two-headed ogre
  9603 | D:9      | Reached skill level 9 in Fighting
  9603 | D:9      | Reached skill level 1 in Invocations
  9669 | D:9      | Reached ** piety under Okawaru
 10498 | D:10     | Entered Level 10 of the Dungeon
 10750 | D:10     | Reached XP level 11. HP: 65/71 MP: 12/12
 10755 | D:10     | Reached *** piety under Okawaru
 11130 | D:10     | Noticed a white ugly thing
 11206 | D:10     | Found a staircase to the Orcish Mines.
 11214 | D:10     | Noticed a two-headed ogre
 11226 | D:10     | Killed a two-headed ogre
 11226 | D:10     | Reached **** piety under Okawaru
 11398 | D:10     | Found a snail-covered altar of Cheibriados.
 11398 | D:10     | Found a white marble altar of Elyvilon.
 11609 | D:10     | Killed a white ugly thing
 11897 | D:11     | Found a staircase to the Lair.
 12018 | D:11     | Noticed a cyclops
 12041 | D:11     | Killed a cyclops
 12206 | D:11     | Noticed a death knight
 12235 | D:11     | Killed a death knight
 12235 | D:11     | Reached ***** piety under Okawaru
 12236 | D:11     | Reached skill level 10 in Fighting
 12371 | D:11     | Noticed a seven-headed hydra
 12371 | D:11     | Noticed a five-headed hydra
 12400 | D:11     | HP: 2/72 [seven-headed hydra (7)]
 12437 | Lair:1   | Entered Level 1 of the Lair of Beasts
 13385 | Lair:2   | Reached XP level 12. HP: 64/77 MP: 15/15
 13458 | Lair:2   | Found a staircase to the Snake Pit.
 13477 | Lair:2   | Reached skill level 5 in Invocations
 13491 | Lair:2   | Reached skill level 10 in Stealth
 13752 | Lair:2   | Reached skill level 5 in Shields
 13773 | Lair:2   | Reached skill level 5 in Armour
 13907 | Lair:2   | Identified the +2 robe "Apuhigh" {Drain Str-3 Slay+4
                  | Archmagi} (Okawaru gifted it to you on level 2 of the Lair
                  | of Beasts)
 13907 | Lair:2   | Received a gift from Okawaru
 14021 | Lair:2   | Reached skill level 10 in Dodging
 14039 | Lair:2   | Found a snail-covered altar of Cheibriados.
 15548 | Lair:4   | Found a staircase to the Slime Pits.
 15660 | Lair:4   | Reached XP level 13. HP: 84/84 MP: 17/17
 15815 | Lair:4   | Reached skill level 11 in Fighting
 16309 | Lair:4   | Identified the +1 pair of gloves "Mulelop" {rN+ rCorr
                  | Dex+4} (Okawaru gifted it to you on level 4 of the Lair of
                  | Beasts)
 16309 | Lair:4   | Received a gift from Okawaru
 16662 | Lair:5   | Entered Level 5 of the Lair of Beasts
 17243 | Lair:5   | Reached XP level 14. HP: 82/91 MP: 19/19
 17498 | Lair:5   | Identified the ring "Ruxoz" {rElec rN+ Dex+4 Stlth+}
 17566 | Lair:5   | Noticed a dire elephant
 17566 | Lair:5   | Noticed a dire elephant
 17621 | Lair:5   | Noticed Urug
 17649 | Lair:5   | Reached skill level 12 in Fighting
 17653 | Lair:5   | Killed Urug
 17761 | Lair:5   | Received a gift from Okawaru
 17826 | Lair:5   | Reached skill level 10 in Maces & Flails
 18064 | Lair:5   | Killed a dire elephant
 18162 | Lair:5   | Identified the +2 ring mail of the Known World {Int+2}
 18728 | Lair:5   | Killed a dire elephant
 20022 | D:12     | Reached skill level 14 in Fighting
 20022 | D:12     | Reached XP level 15. HP: 100/100 MP: 21/21
 20054 | D:12     | Found a frozen archway.
 20088 | IceCv    | Entered an ice cave
 20177 | IceCv    | Reached XP level 16. HP: 69/106 MP: 22/22
 20669 | D:12     | Identified the +7 plate armour "Nauphoor" {rElec rC+}
                  | (Okawaru gifted it to you on level 12 of the Dungeon)
 20669 | D:12     | Received a gift from Okawaru
 21902 | D:13     | Found a gateway to a bazaar.
 21923 | Bazaar   | Entered a bazaar
 21924 | Bazaar   | Found Xegaxt's Jewellery Boutique.
 22039 | Bazaar   | Found Hyllonat's Assorted Antiques.
 22045 | Bazaar   | Bought a pair of glowing boots for 120 gold pieces
 22068 | Bazaar   | Found Beumoade's Assorted Antiques.
 22099 | Bazaar   | Found Muoxitoc's Magic Scroll Boutique.
 22104 | Bazaar   | Bought a scroll of teleportation for 42 gold pieces
 22104 | Bazaar   | Bought a scroll of blinking for 105 gold pieces
 22104 | Bazaar   | Bought a scroll of enchant armour for 105 gold pieces
 22107 | Bazaar   | Found Geamp's Distillery.
 22112 | Bazaar   | Bought a potion of heal wounds for 60 gold pieces
 22112 | Bazaar   | Bought 2 potions of heal wounds for 120 gold pieces
 22140 | Bazaar   | Bought a scroll of blinking for 120 gold pieces
 22150 | Bazaar   | Bought a scroll of blinking for 180 gold pieces
 22184 | Bazaar   | Bought a scroll of fear for 56 gold pieces
 22184 | Bazaar   | Bought a scroll of magic mapping for 105 gold pieces
 22192 | Bazaar   | Bought a potion of curing for 36 gold pieces
 22192 | Bazaar   | Bought a potion of curing for 36 gold pieces
 22464 | D:13     | Found a gate to the Vaults.
 23363 | D:14     | Found an opulent altar of Gozag.
 23409 | D:14     | Reached skill level 10 in Invocations
 23437 | D:14     | Noticed Rupert
 23653 | D:14     | Got Cusif's Guide on Guile
 23699 | D:14     | Paralysed by a floating eye for 4 turns
 23836 | D:14     | Killed Rupert
 24355 | D:15     | Entered Level 15 of the Dungeon
 24447 | D:15     | Received a gift from Okawaru
 25001 | Orc:1    | Entered Level 1 of the Orcish Mines
 25362 | Orc:2    | Entered Level 2 of the Orcish Mines
 25437 | Orc:2    | Found a staircase to the Elven Halls.
 25475 | Elf:1    | Entered Level 1 of the Elven Halls
 25568 | Orc:2    | Reached XP level 17. HP: 112/112 MP: 24/24
 25677 | Orc:2    | Found Hionaj's Jewellery Shop.
 25701 | Orc:2    | Noticed Nergalle
 25864 | Orc:1    | Killed Nergalle
 26088 | Orc:1    | Reached skill level 15 in Fighting
 26258 | Orc:2    | Found Nimuytzy's Jewellery Shoppe.
 26384 | Orc:2    | Found Xounaus's Antique Armour Shoppe.
 26404 | Orc:2    | Found Gukoff's General Store.
 26424 | Orc:2    | Bought a potion of haste for 170 gold pieces
 26462 | Orc:2    | Found Nicsel's Antique Weapon Shoppe.
 26488 | Orc:2    | Bought the ring of Divine Compulsion {rF+ rC+ Dex+3} for
                  | 543 gold pieces
 26741 | Orc:1    | Noticed Josephine
 26788 | Orc:1    | Killed Josephine
 26837 | Orc:1    | Found Moest's Self-Improvement Boutique.
 26990 | Orc:1    | Found Wolob's General Store.
 26990 | Orc:1    | Found Gifelo Urrij's Specific Store.
 27356 | Lair:2   | Found a staircase to the Swamp.
 27506 | Swamp:1  | Entered Level 1 of the Swamp
 28058 | Swamp:1  | Upgraded the game from 0.30-a0-122-g2a1322497e to
                  | 0.30-a0-125-g51eefa89be
 28350 | Swamp:1  | Received a gift from Okawaru
 28578 | Swamp:2  | Upgraded the game from 0.30-a0-125-g51eefa89be to
                  | 0.30-a0-134-gb40fab5c76
 28748 | Swamp:2  | Killed from afar by a fenstrider witch

Illustrated notes

Levels and vault maps discovered:
D:1:      minmay_arrival_statue_studded, layout_basic, minmay_misc_feat_x,
          minmay_misc_feat_more_columns, chequers_serial_rivers_room_a,
          hangedman_feature_mirror
D:2:      layout_basic, hellmonk_ecumenical_altar_heavens_door,
          minmay_liquid_box
D:3:      layout_loops_ring, grunt_decor_one_mirror, minmay_misc_feat_cross
D:4:      layout_gridville, moated_statue
D:5:      layout_loops_cross
D:6:      layout_basic, patterned_corridor
D:7:      layout_basic, mainiacjoe_overflow_alcove_4, minmay_temple_entry_trees,
          grunt_decor_fettered
D:8:      layout_gridville, serial_shops, shop, minmay_gold_behind_fungi,
          uniq_maurice
D:9:      layout_roguey, chequers_jeans, kennysheep_decorative_pillar
D:10:     layout_stronghold, nicolae_overflow_squiral, orc_0_dummy,
          serial_column_ruins, column_ruins_square_small,
          column_ruins_open_small, column_ruins_open_large,
          column_ruins_corridor_T, column_ruins_open_tiny,
          column_ruins_columns_straight, column_ruins_open_large
D:11:     layout_layer_cave, lair_entry_dummy, kb_rosetta
D:12:     layout_cave_pools, portal_ice_cave_demonic_guard
D:13:     layout_gridville, grunt_vaults_entry_tiered, special_room
          [special_room_orc], serial_shops, statue_bzr,
          minmay_unpleasant_kobolds
D:14:     cheibrodos_hippocracy, layout_cave_pools,
          nicolae_gozag_cash_rules_everything_around_me, uniq_rupert
D:15:     grunt_enter_depths_giant_problem, layout_gridville, serial_shops,
          shop, nicolae_qazlal_general_emergency
Temple:   compressed_dpeg_triangle_lava_temple
Lair:1:   layout_regular_city, serial_bayou_shore_b
Lair:2:   layout_misc_corridors, palyth_hydra_swamp_entry,
          minmay_snake_entry_six_corridors, kennysheep_snail_temple,
          grunt_megastairs_1
Lair:3:   layout_concentric_octagons
Lair:4:   layout_loops_ring, minmay_slime_entry_pillars,
          nicolae_lair_run_with_the_wolves
Lair:5:   due_jungle_book, layout_small_grid, ice2_lemuel, grunt_megastairs_2,
          uniq_urug
Swamp:1:  layout_basic_swamp, evilmike_swamp_ruin_house_4
Swamp:2:  nicolae_swamp_secret_spriggan_hideout, layout_falls_marsh,
          infiniplex_staircase_pool
Orc:1:    layout_caves, nicolae_specific_store, nicolae_shop_self_help,
          uniq_josephine
Orc:2:    grunt_orc_cross, layout_caves, guppyfry_orc_lava_fort
Elf:1:    layout_loops_corners, basic_altar, nicolae_trove_entry_isolated,
          minmay_elf_annihilation, grunt_megastairs_3

Skill      XL: |  1  2  3  4  5  6  7  8  9 10 11 12 13 14 15 16 17 |
---------------+----------------------------------------------------+-----
Maces & Flails | 2 3 4 5 6 7 8 9 10 11 | 11.8
Dodging        | 1 2 3 4 5 6 8 9 10 11 12 13 14 | 14.0
Stealth        | 1 2 3 5 6 8 9 10 11 12 13 | 13.3
Fighting       | 4 5 6 8 9 10 11 14 15 | 15.4
Short Blades   | 1 2 4 5 |  5.0
Invocations    | 2 4 6 7 9 10 11 | 11.0
Shields        | 3 4 5 6 7 8 9 |  9.0
Armour         | 3 4 5 6 7 8 9 |  9.1

Action                   |  1- 3 |  4- 6 |  7- 9 | 10-12 | 13-15 | 16-18 || total
-------------------------+-------+-------+-------+-------+-------+-------++-------
Melee: Flail             |   102 |   115 |   101 |       |    76 |       ||   394
       Dagger            |       |     4 |     7 |     5 |     8 |    11 ||    35
       Whip              |       |       |   144 |   517 |       |       ||   661
       Morningstar       |       |       |       |   329 |   868 |  1532 ||  2729
Throw: Throwing net      |       |       |       |     1 |       |       ||     1
Invok: Heroism           |       |       |       |    16 |    31 |    33 ||    80
       Finesse           |       |       |       |     2 |     5 |     5 ||    12
Evoke: Wand              |       |       |       |       |    14 |     1 ||    15
  Use: Potion            |       |       |     5 |     7 |     6 |     5 ||    23
       Scroll            |       |       |       |    17 |     8 |     6 ||    31
 Stab: Sleeping          |     5 |     5 |    11 |    25 |     7 |    14 ||    67
       Distracted        |       |       |       |     2 |     2 |     3 ||     7
       Invisible         |       |       |       |       |       |     9 ||     9
Armor: Scale mail        |    32 |    17 |       |       |       |       ||    49
       Ring mail         |       |     7 |    70 |   198 |   232 |    28 ||   535
       Plate armour      |       |       |       |       |       |   626 ||   626
Dodge: Dodged            |    51 |    65 |   149 |   501 |   558 |   885 ||  2209
Block: Buckler           |    29 |    36 |    48 |   476 |   573 |   232 ||  1394
       Reflection        |       |       |       |     5 |       |    32 ||    37
       Kite shield       |       |       |       |       |       |  1292 ||  1292

Table legend: (Time is in decaauts)
 A = Elapsed time spent in this place.
 B = Non-inter-level travel time spent in this place.
 C = Inter-level travel time spent in this place.
 D = Time resting spent in this place.
 E = Time spent auto-exploring this place.
 F = Levels seen in this place.
 G = Mean time per level.
                   A        B        C        D        E       F      G
               +--------+--------+--------+--------+--------+-----+--------+
         Total |  28530 |  25827 |   2703 |    644 |  18134 |  28 | 1018.9 |
       Dungeon |  17044 |  16069 |    975 |    252 |  12520 |  15 | 1136.3 |
        Temple |    111 |     95 |     16 |      0 |     79 |   1 |  111.0 |
          Lair |   7542 |   6263 |   1279 |    126 |   4092 |   5 | 1508.4 |
         Swamp |   1304 |   1106 |    198 |    134 |    412 |   2 |  652.0 |
  Orcish Mines |   1928 |   1722 |    206 |      0 |    920 |   2 |  964.0 |
   Elven Halls |     46 |     18 |     28 |      0 |      0 |   1 |   46.0 |
        Bazaar |    291 |    291 |      0 |    100 |     56 |   1 |  291.0 |
      Ice Cave |    260 |    260 |      0 |     32 |     54 |   1 |  260.0 |
               +--------+--------+--------+--------+--------+-----+--------+

Top non-repeatable levels by time:
  Lair:5: 2761 daAuts
    D:13: 1773 daAuts
  Lair:2: 1546 daAuts
     D:2: 1371 daAuts
     D:1: 1342 daAuts
     D:6: 1335 daAuts
     D:5: 1323 daAuts
    D:10: 1247 daAuts
   Orc:2: 1229 daAuts
     D:8: 1225 daAuts
  Lair:4: 1206 daAuts
    D:14: 1150 daAuts
 Swamp:1: 1121 daAuts
    D:11: 1094 daAuts
     D:3: 1080 daAuts
